 Dungeon Sprint DCSS version 0.31-a0-765-g67fe2935dc (webtiles) character file.

Game seed: 4138738630298667583

170195 Conn the Sorcerer (level 16, 0/100 (112) HPs)
             Began as an Octopode Fire Elementalist on Sept 16, 2023.
             Was the Champion of Sif Muna.
             Killed by a guardian mummy's death curse (12 damage)
             ... in the Dungeon (Sprint III: "The Ten Rune Challenge").
             The game lasted 01:20:50 (11588 turns).

Conn the Sorcerer (Octopode Fire Elementalist)     Turns: 11588, Time: 01:20:51

HP:   0/100 (112)   AC:  2    Str:  8    XL:     16   Next: 43%
MP:   56/64         EV: 37    Int: 33    God:    Sif Muna [******]
Gold: 2643          SH:  0    Dex: 20    Spells: 2/68 levels left

rFire   + + +        C - +10 bardiche "Ogural" {freeze, rElec rPois Will++ Str-5}
rCold   . . .        (shield currently unavailable)
rNeg    . . .        y - +1 hat {Stlth+}
rPois   +            o - amulet "Noapu" {Acrobat rElec Str+5}
rElec   +            d - ring of fire
rCorr   +            K - ring of Pride {+Blink MP+9}
SInv    .            q - ring of Vobaaq {rF++ MP+9 Dex+2 Stlth+}
Will    +++..        t - +6 ring of intelligence
Stlth   +++++++      r - ring of protection from cold
HPRegen 0.36/turn    i - +6 ring of dexterity
MPRegen 0.39/turn    G - +5 ring of evasion
                     H - ring of resist corrosion

%: no teleportation, acrobat
@: acrobatic, slowed, heavily drained, very slow
A: almost no armour, amphibious, 8 rings, camouflage 1, gelatinous body 1,
(nimble swimmer 1), tentacles, clever 1, mutation resistance 1
}: 4/10 runes: decaying, serpentine, slimy, silver
a: Renounce Religion, Evoke Blink, Channel Magic, Forget Spell, Divine Exegesis


You were in the Dungeon.
You worshipped Sif Muna.
Sif Muna was exalted by your worship.
You visited 1 branch You collected 5826 gold pieces.
You spent 3183 gold pieces at shops.

Inventory:

Hand Weapons
 l - a +2 long sword of holy wrath
 n - a +1 dagger of flaming
 p - the +9 long sword of Hayzo {drain, rN+ Str-2 Int+4 Stlth+}
   (You took it off a deep elf high priest in the Dungeon)

   Str-2:     It affects your strength (-2).
   Int+4:     It affects your intelligence (+4).
   rN+:       It protects you from negative energy.
   Stlth+:    It makes you more stealthy.
 C - the +10 bardiche "Ogural" (weapon) {freeze, rElec rPois Will++ Str-5}
   (You bought it in a shop in the Dungeon)

   Str-5:     It affects your strength (-5).
   rElec:     It insulates you from electricity.
   rPois:     It protects you from poison Will++: It greatly increases your
   willpower.
Missiles
 F - 7 curare-tipped darts
Armour
 c - a +0 buckler
 y - a +1 hat of stealth (worn)
 L - a +0 tower shield of reflection
 M - a +1 kite shield of protection
Magical Staves
 w - a staff of fire
 x - a staff of air
 S - a staff of cold
Jewellery
 d - a ring of fire (left tentacle)
 i - a +6 ring of dexterity (on tentacle)
 m - a ring of magical power
 o - the amulet "Noapu" (around mantle) {Acrobat rElec Str+5}
   (You took it off a deep elf high priest in the Dungeon)

   [amulet of the acrobat]

   Acrobat:   It increases your evasion while moving and waiting.
   Str+5:     It affects your strength (+5).
   rElec:     It insulates you from electricity.
 q - the ring of Vobaaq (on tentacle) {rF++ MP+9 Dex+2 Stlth+}
   (You took it off a deep elf high priest in the Dungeon)

   [ring of magical power]

   Dex+2:     It affects your dexterity (+2).
   rF++:      It greatly protects you from fire.
   MP+9:      It affects your magic capacity (+9).
   Stlth+:    It makes you more stealthy.
 r - a ring of protection from cold (on tentacle)
 t - a +6 ring of intelligence (on tentacle)
 u - an amulet of guardian spirit
 z - an amulet of the acrobat
 G - a +5 ring of evasion (on tentacle)
 H - a ring of resist corrosion (on tentacle)
 I - a ring of see invisible
 K - the ring of Pride (right tentacle) {+Blink MP+9}
   (You found it in the Dungeon)

   [ring of magical power]

   MP+9:      It affects your magic capacity (+9).
   +Blink:    It lets you blink.
 N - a ring of protection from fire
 O - a +5 ring of evasion
 R - a ring of flight
Wands
 b - a wand of digging (2)
 v - a wand of flame (9)
 D - a wand of acid (9)
 P - a wand of roots (6)
Scrolls
 f - a scroll of blinking
 h - a scroll of immolation
 j - a scroll of torment
 s - a scroll of silence
 B - a scroll of fear
 Q - a scroll of enchant weapon
 V - a scroll of revelation
 W - a scroll of poison {unknown}
Potions
 a - 2 potions of magic
 e - 4 potions of mutation
 k - 5 potions of enlightenment
 A - a potion of might
 T - a potion of resistance {unknown}
 U - a potion of curing
Miscellaneous
 g - a lightning rod (4/4)
 E - a box of beasts
 J - a phantom mirror


   Skills:
 * Level 11.0 Fighting
 + Level 1.9 Long Blades
 + Level 1.2 Polearms
 + Level 6.6 Dodging
 - Level 7.4 Stealth
 * Level 13.6 Shields
 - Level 0.2 Unarmed Combat
 + Level 26.5 Spellcasting
 * Level 20.2 Conjurations
 + Level 4.8 Hexes
 + Level 1.6 Summonings
 + Level 3.1 Translocations
 + Level 23.8 Fire Magic
 + Level 0.8 Ice Magic
 - Level 7.0 Air Magic
 + Level 0.9 Poison Magic
 - Level 15.2 Invocations
 + Level 0.2 Evocations


You had 2 spell levels left.
You knew the following spells:

 Your Spells              Type           Power      Damage    Failure   Level
a - Foxfire               Conj/Fire      100%       2x1d9     0%          1
b - Scorch                Fire           100%       2d9       0%          2
c - Ignition              Fire           70%        3d18      1%          8
d - Flame Wave            Conj/Fire      100%       2d21      0%          4
e - Mephitic Cloud        Conj/Pois/Air  82%        N/A       1%          3
f - Arcjolt               Conj/Air       46%        1d56      1%          5
g - Orb of Destruction    Conj           54%        9d14      1%          7
h - Starburst             Conj/Fire      68%        6d18      0%          6
i - Plasma Beam           Fire/Air       60%        2x1d76    1%          6
j - Fireball              Conj/Fire      68%        3d26      0%          5
k - Hailstorm             Conj/Ice       85%        3d17      1%          3
l - Iskenderun's Mystic   Conj/Tloc      88%        2d17      1%          4
m - Summon Guardian Gole  Hex/Summ       60%        N/A       1%          3
n - Fire Storm            Conj/Fire      68%        8d17      6%          9

Your spell library contained the following spells:

 Spells                   Type           Power      Damage    Failure   Level
 Kiss of Death            Conj/Necr      100%       2d13      0%          1
 Magic Dart               Conj           100%       1d8       0%          1
 Shock                    Conj/Air       100%       1d9       0%          1
 Momentum Strike          Conj/Tloc      100%       3d10      0%          2
 Searing Ray              Conj           100%       2d8       0%          2
 Static Discharge         Conj/Air       100%       2-7/arc   0%          2
 Apportation              Tloc           100%       N/A       1%          1
 Freeze                   Ice            100%       1d10      1%          1
 Necrotise                Necr           100%       1d9       1%          1
 Sandblast                Erth           86%        2d18      1%          1
 Slow                     Hex            100%       N/A       1%          1
 Sting                    Tmut/Pois      100%       1d8       1%          1
 Blink                    Tloc           100%       N/A       1%          2
 Call Imp                 Summ           100%       N/A       1%          2
 Cigotuvi's Dreadful Rot  Necr/Pois/Air  100%       N/A       1%          2
 Ensorcelled Hibernation  Hex/Ice        100%       N/A       1%          2
 Jinxbite                 Hex            100%       N/A       1%          2
 Lesser Beckoning         Tloc           100%       N/A       1%          2
 Passwall                 Tmut/Erth      35%        N/A       1%          2
 Poisonous Vapours        Pois/Air       100%       N/A       1%          2
 Wereblood                Tmut           43%        N/A       1%          2
 Dazzling Flash           Conj/Hex       100%       N/A       0%          3
 Inner Flame              Hex/Fire       100%       N/A       0%          3
 Volatile Blastmotes      Fire/Tloc      100%       2d18      0%          3
 Sticky Flame             Conj/Fire      100%       2d11      0%          4
 Iskenderun's Battlesphe  Conj           100%       2d15      0%          5
 Confusing Touch          Hex            66%        N/A       1%          3
 Frozen Ramparts          Ice            98%        1d15      1%          3
 Gell's Gravitas          Tloc           59%        N/A       1%          3
 Ignite Poison            Fire/Tmut/Pois 99%        N/A       1%          3
 Ozocubu's Armour         Ice            49%        N/A       1%          3
 Sigil of Binding         Hex            66%        N/A       1%          3
 Stone Arrow              Conj/Erth      100%       3d13      1%          3
 Swiftness                Air            74%        N/A       1%          3
 Tukima's Dance           Hex            66%        N/A       1%          3
 Vampiric Draining        Necr           43%        2d9       1%          3
 Airstrike                Air            37%        2d(6-22)  1%          4
 Anguish                  Hex/Necr       28%        N/A       1%          4
 Cause Fear               Hex            33%        N/A       1%          4
 Dimensional Bullseye     Hex/Tloc       31%        N/A       1%          4
 Fulminant Prism          Conj/Hex       45%        3d21      1%          4
 Leda's Liquefaction      Hex/Erth       28%        N/A       1%          4
 Manifold Assault         Tloc           59%        N/A       1%          4
 Passage of Golubria      Tloc           59%        N/A       1%          4
 Summon Lightning Spire   Summ/Air       64%        N/A       1%          4
 Vhi's Electric Charge    Tloc/Air       100%       N/A       1%          4
 Freezing Cloud           Conj/Ice/Air   40%        6-21      1%          5
 Irradiate                Conj/Tmut      42%        3d25      1%          5
 Silence                  Hex/Air        35%        N/A       1%          5
 Conjure Ball Lightning   Conj/Air       46%        3x3d16    1%          6
 Leda's Unmaking          Conj/Erth      42%        9d7       1%          6
 Olgreb's Toxic Radiance  Pois           49%        N/A       3%          4
 Summon Ice Beast         Ice/Summ       51%        N/A       3%          4
 Metabolic Englaciation   Hex/Ice        29%        N/A       4%          5
 Spellforged Servitor     Conj/Summ      43%        N/A       4%          7
 Petrify                  Tmut/Erth      43%        N/A       5%          4
 Summon Forest            Summ/Tloc      28%        N/A       5%          5
 Yara's Violent Unravell  Hex/Tmut       28%        3d12      5%          5
 Alistair's Intoxication  Tmut/Pois      30%        N/A       12%         5
 Agony                    Necr           43%        N/A       14%         5
 Borgnjor's Vile Clutch   Necr/Erth      21%        N/A       14%         5
 Dispersal                Tloc           29%        N/A       22%         6
 Lehudib's Crystal Spear  Conj/Erth      42%        10d10     47%         8
 Enfeeble                 Hex            33%        N/A       52%         7
 Eringya's Noxious Bog    Tmut/Pois      23%        4d6       54%         6
 Simulacrum               Ice/Necr       23%        N/A       56%         6
 Death Channel            Necr           21%        N/A       63%         6
 Malign Gateway           Summ/Tloc      28%        N/A       86%         7
 Maxwell's Capacitive Co  Air            37%        ∞         89%         8
 Chain Lightning          Conj/Air       46%        3d62      89%         9
 Monstrous Menagerie      Summ           26%        N/A       92%         7
 Haunt                    Necr/Summ      24%        N/A       97%         7
 Ozocubu's Refrigeration  Ice            24%        4d12      97%         7
 Discord                  Hex            33%        N/A       99%         8
 Borgnjor's Revivificati  Necr           21%        N/A       100%        8
 Disjunction              Tloc           29%        N/A       100%        8
 Summon Horrible Things   Summ           26%        N/A       100%        8
 Death's Door             Necr           21%        N/A       100%        9
 Dragon's Call            Summ           26%        N/A       100%        9
 Polar Vortex             Ice            24%        12d3*     100%        9
 Shatter                  Erth           21%        3d19*     100%        9


Dungeon Overview and Level Annotations

Branches:
Dungeon (1/1)

Altars:
Cheibriados
Dithmenos
Elyvilon
Fedhas
Gozag
Hepliaklqana
Kikubaaqudgha
Makhleb
Nemelex Xobeh
Okawaru
Qazlal
Ru
Sif Muna
Trog
Uskayaw
Vehumet
Wu Jian
Xom
Yredelemnul
Zin
The Shining One
Jiyva
Lugonu

Shops:
D =(??:(?[([=(:?!!**


Innate Abilities, Weirdness & Mutations

You cannot wear most types of armour.
You are amphibious.
You can wear up to eight rings at the same time.
Your skin changes colour to match your surroundings (Stealth+).
Your rubbery body absorbs attacks. (AC +1, EV +1)
((You are camouflaged when in or above water. (Stealth+)))
You have tentacles for arms and can constrict up to eight enemies at once.
Your mind is acute. (Int +4, Str/Dex -1)
You are somewhat resistant to further mutation.


Message History

The fireball engulfs the royal mummy!
The royal mummy is heavily damaged.
The fireball engulfs the royal mummy!!
The royal mummy is severely damaged.
The fireball engulfs the royal mummy!
The royal mummy is almost destroyed.
The fireball engulfs the guardian mummy!!
You destroy the guardian mummy!
Sif Muna accepts your kill.
The fireball engulfs the royal mummy!!
The royal mummy is severely damaged.
You feel extremely nervous for a moment...
Something just walked over your grave.
No, really!
You feel extremely nervous for a moment...
Your body is wracked with pain!
You feel extremely nervous for a moment...
Your skin prickles.
You feel extremely nervous for a moment...
You feel horribly lethargic.
You feel yourself slow down.
You feel extremely nervous for a moment...
You are engulfed in negative energy!
You feel drained.
You feel extremely nervous for a moment...
You smell decay.
You feel extremely nervous for a moment...
Pain shoots through your body!
You feel extremely nervous for a moment...
Something just walked over your grave.
No, really!
You feel extremely nervous for a moment...
You smell decay.
You feel extremely nervous for a moment...
You are engulfed in negative energy!
You feel drained.
You feel extremely nervous for a moment...
Your body is wracked with pain!
* * * LOW HITPOINT WARNING * * *
You feel extremely nervous for a moment...
Pain shoots through your body!
* * * LOW HITPOINT WARNING * * *
You feel extremely nervous for a moment...
Pain shoots through your body!
You die...

**,,,,~*,▓'▓▓▓▓▓▓▓▓▓▓▓▓▓▓▓▓▓
,,,,,,,,,▓..#..^^..........#
****,,~*,▓..#......^..^....#
^^,**,~*,▓..#.^##########^.#
^*,,**+**▓..#..#.....||?#..#
,**,**,,,▓..#..#....M[:|#..#
^**,****,▓..#..#....M"|:#..#
^**,,,,,,▓..#..#.....φ)[#..#
*****+***▓..#..#@########..#
,+~⌠,,,~,▓..#..#...........#
,*~~,~,~,▓..'..#.^^........#
,*,~,~,~,▓##################
,*,,,~,,,*******************
*****+****,+,,,^*,,+,,,*,,,*
,*,*,*,*,*,*,,,^*,**,,,*,^,*
*,*,*,*,**,*,,^,*,,*~~~*,,,*
,*,*,*,*,*,****+**,*~~~*,*,*


You could see 2 royal mummies.

Vanquished Creatures
  the Royal Jelly (D)
  the Lernaean hydra (D)
  Frederick (D)
  A bone dragon (D)
  A golden dragon (D)
  Rupert (D)
  A lich (D)
  2 quicksilver dragons (D)
  A titan (D)
  2 acid blobs (D)
  A deep elf blademaster (D)
  Gastronok (D)
  Chuck (D)
  2 sphinxes (D)
  2 shadow dragons (D)
  3 rockslimes (D)
  Dowan (D)
  12 azure jellies (D)
  A nagaraja (D)
  A fire giant (D)
  A frost giant (D)
  2 stone giants (D)
  6 quicksilver oozes (D)
  3 deep elf demonologists (D)
  2 vampire knights (D)
  A deep elf annihilator (D)
  2 dire elephants (D)
  Snorg (D)
  7 mummy priests (D)
  A fire dragon (D)
  16 vault guards (D)
  2 deep elf high priests (D)
  2 yaktaur captains (D)
  An entropy weaver (shapeshifter) (D)
  3 hydras (D)
  3 centaur warriors (D)
  4 dancing weapons (D)
  3 anacondas (D)
  An ogre mage (D)
  Urug (D)
  A naga warrior (D)
  4 death yaks (D)
  4 orc high priests (D)
  A shock serpent (shapeshifter) (D)
  3 deep elf knights (D)
  7 skeletal warriors (D)
  A spriggan druid (D)
  A death drake (D)
  A glowing orange brain (shapeshifter) (D)
  An obsidian statue (D)
  A swamp dragon (D)
  An orange crystal statue (D)
  A lindwurm (D)
  A deep elf pyromancer (D)
  An orc knight (D)
  2 deep elf zephyrmancers (D)
  4 crystal guardians (D)
  An ugly thing (D)
  A cyclops (shapeshifter) (D)
  3 shining eyes (D)
  2 elephants (D)
  A guardian serpent (D)
  6 black mambas (D)
  4 statues (D)
  2 cane toads (D)
  Duvessa (D)
  2 unseen horrors (D)
  A rime drake (D)
  A komodo dragon (D)
  25 guardian mummies (D)
  A queen bee (D)
  2 tyrant leeches (D)
  3 wandering mushrooms (D)
  4 spriggan defenders (D)
  8 blink frogs (D)
  A shadow (D)
  9 slime creatures (D)
  2 spriggans (D)
  A redback (shapeshifter) (D)
  3 redbacks (D)
  A spatial vortex (D)
  2 hydra simulacra (D)
  2 nagas (D)
  13 water moccasins (D)
  An orc warrior (D)
  2 floating eyes (D)
  3 swamp drakes (D)
  A fire dragon simulacrum (D)
  A black mamba simulacrum (D)
  2 centaurs (D)
  An earth elemental (D)
  A necrophage (D)
  A scorpion (D)
  A water elemental (D)
  32 killer bees (D)
  An electric eel (D)
  A jelly (D)
  2 orc priests (D)
  2 necromancers (D)
  A wizard (D)
  5 orc wizards (D)
  3 humans (D)
  A kobold demonologist (D)
  3 adders (D)
  An adder zombie (D)
  9 orcs (D)
  A bat zombie (D)
  A quokka zombie (D)
  4 rats (D)
  10 butterflies (D)
  3 foxfires (D)
  A fulminant prism (D)
331 creatures vanquished.

Vanquished Creatures (collateral kills)
  A foxfire (D)
1 creature vanquished.

Vanquished Creatures (others)
  A shining eye (D)
  199 foxfires (D)
  13 fulminant prisms (D)
213 creatures vanquished.

Grand Total: 545 creatures vanquished

Notes
Turn   | Place    | Note
-------+----------+-------------------------------------------
     0 | D        | Conn the Octopode Fire Elementalist began the quest for the
                  | Orb.
     0 | D        | Reached XP level 1. HP: 11/11 MP: 3/3
    85 | D        | Noticed a scorpion
    95 | D        | Reached skill level 3 in Spellcasting
    95 | D        | Reached XP level 2. HP: 8/17 MP: 0/6
   101 | D        | Killed a scorpion
   102 | D        | Reached skill level 4 in Spellcasting
   102 | D        | Reached XP level 3. HP: 11/21 MP: 1/8
   102 | D        | Reached XP level 4. HP: 15/27 MP: 1/10
   184 | D        | Gained mutation: You are somewhat resistant to further
                  | mutation. [potion of mutation]
   184 | D        | Gained mutation: Your mind is acute. (Int +4, Str/Dex -1)
                  | [potion of mutation]
   203 | D        | Learned a level 2 spell: Scorch
   207 | D        | Learned a level 3 spell: Inner Flame
   212 | D        | Learned a level 4 spell: Flame Wave
   216 | D        | Noticed a water elemental
   219 | D        | Killed a water elemental
   220 | D        | Reached skill level 5 in Spellcasting
   220 | D        | Reached XP level 5. HP: 32/32 MP: 4/12
   282 | D        | Found a radiant altar of Vehumet.
   282 | D        | Found a shimmering blue altar of Sif Muna.
   282 | D        | Found an ancient bone altar of Kikubaaqudgha.
   285 | D        | Noticed a hellwing
   286 | D        | Noticed a soul eater
   290 | D        | Reached skill level 6 in Spellcasting
   394 | D        | Became a worshipper of Sif Muna the Loreminder
   408 | D        | Found a glowing silver altar of Zin.
   408 | D        | Found a glowing golden altar of the Shining One.
   408 | D        | Found a white marble altar of Elyvilon.
   409 | D        | Noticed a deep elf pyromancer
   413 | D        | Killed a deep elf pyromancer
   414 | D        | Reached skill level 1 in Fighting
   414 | D        | Reached skill level 9 in Spellcasting
   414 | D        | Reached XP level 6. HP: 39/39 MP: 6/18
   414 | D        | Reached XP level 7. HP: 44/44 MP: 6/19
   496 | D        | Found a hide-covered altar of Uskayaw.
   496 | D        | Found an iron altar of Okawaru.
   496 | D        | Found a bloodstained altar of Trog.
   496 | D        | Found an ornate altar of the Wu Jian Council.
   496 | D        | Noticed a human
   496 | D        | Noticed a human
   503 | D        | Killed a human
   503 | D        | Killed a human
   503 | D        | Reached * piety under Sif Muna
   504 | D        | Reached skill level 5 in Dodging
   504 | D        | Reached skill level 10 in Spellcasting
   504 | D        | Reached skill level 10 in Fire Magic
   504 | D        | Reached XP level 8. HP: 30/50 MP: 3/22
   610 | D        | Found a basalt altar of Yredelemnul.
   610 | D        | Found a shadowy altar of Dithmenos.
   610 | D        | Found a sacrificial altar of Ru.
   674 | D        | Noticed a shadow
   674 | D        | Reached ** piety under Sif Muna
   674 | D        | Killed a shadow
   710 | D        | Found a blossoming altar of Fedhas.
   710 | D        | Found a stormy altar of Qazlal.
   710 | D        | Found a snail-covered altar of Cheibriados.
   710 | D        | Found a burning altar of Makhleb.
   710 | D        | Found a shimmering altar of Xom.
   711 | D        | Found a hazy altar of Hepliaklqana.
   711 | D        | Found an opulent altar of Gozag.
   711 | D        | Found a sparkling altar of Nemelex Xobeh.
   711 | D        | Found a corrupted altar of Lugonu.
   711 | D        | Found a viscous altar of Jiyva.
   717 | D        | Learned a level 2 spell: Searing Ray
   722 | D        | Learned a level 4 spell: Fulminant Prism
   724 | D        | Learned a level 1 spell: Magic Dart
   733 | D        | Noticed Snorg
   859 | D        | Noticed an orc high priest
   862 | D        | Noticed an orc knight
   862 | D        | Reached *** piety under Sif Muna
   864 | D        | Killed Snorg
   865 | D        | Reached skill level 1 in Long Blades
   865 | D        | Reached skill level 11 in Spellcasting
   865 | D        | Reached XP level 9. HP: 54/54 MP: 1/24
   867 | D        | Killed an orc knight
   868 | D        | Reached skill level 12 in Spellcasting
   948 | D        | Reached **** piety under Sif Muna
  1020 | D        | Killed an orc high priest
  1021 | D        | Reached skill level 13 in Spellcasting
  1181 | D        | Reached ***** piety under Sif Muna
  1227 | D        | Received a gift from Sif Muna
  1251 | D        | Learned a level 6 spell: Starburst
  1258 | D        | Learned a level 6 spell: Plasma Beam
  1312 | D        | Found Riclesmo's Magic Scroll Shop.
  1390 | D        | Bought a scroll of blinking for 97 gold pieces
  1442 | D        | Noticed a deep elf knight
  1442 | D        | Noticed a deep elf knight
  1442 | D        | Noticed a deep elf knight
  1442 | D        | Noticed a deep elf zephyrmancer
  1442 | D        | Noticed a deep elf zephyrmancer
  1467 | D        | Killed a deep elf knight
  1468 | D        | Reached skill level 1 in Air Magic
  1468 | D        | Reached XP level 10. HP: 33/61 MP: 15/27
  1478 | D        | Killed a deep elf knight
  1479 | D        | Reached skill level 14 in Spellcasting
  1551 | D        | Killed a deep elf zephyrmancer
  1551 | D        | Received a gift from Sif Muna
  1552 | D        | Got Sif Muna's Catalogue of Arcane Weapons {god gift}
  1569 | D        | Learned a level 5 spell: Fireball
  1573 | D        | Learned a level 3 spell: Hailstorm
  1668 | D        | Killed a deep elf knight
  1669 | D        | Reached skill level 10 in Conjurations
  1669 | D        | Reached skill level 5 in Invocations
  1682 | D        | Killed a deep elf zephyrmancer
  1683 | D        | Reached skill level 1 in Shields
  1786 | D        | Identified the +9 long sword of Hayzo {drain, rN+ Str-2
                  | Int+4 Stlth+}
  1786 | D        | Identified the +8 plate armour of Indecent Exposure {Harm
                  | rN+}
  1786 | D        | Noticed a deep elf high priest
  1791 | D        | Noticed a deep elf annihilator
  1793 | D        | Noticed a deep elf demonologist
  1794 | D        | Identified the +1 long sword "Kyesa" {chaos, *Noise rF++}
  1794 | D        | Identified the ring of Vobaaq {rF++ MP+9 Dex+2 Stlth+}
  1794 | D        | Noticed a deep elf high priest
  1915 | D        | Noticed a smoke demon
  1921 | D        | Noticed a deep elf blademaster
  1921 | D        | Noticed a blizzard demon
  2066 | D        | Noticed a deep elf demonologist
  2073 | D        | Killed a deep elf demonologist
  2074 | D        | Reached skill level 15 in Spellcasting
  2098 | D        | Noticed a balrug
  2201 | D        | Killed a deep elf annihilator
  2202 | D        | Reached XP level 11. HP: 66/66 MP: 13/30
  2287 | D        | Identified the amulet "Noapu" {Acrobat rElec Str+5}
  2292 | D        | Noticed a deep elf demonologist
  2293 | D        | Killed a deep elf high priest
  2400 | D        | Killed a deep elf demonologist
  2401 | D        | Reached skill level 5 in Air Magic
  2406 | D        | Noticed a Hell Sentinel
  2407 | D        | Killed a deep elf demonologist
  2408 | D        | Reached skill level 16 in Spellcasting
  2755 | D        | Learned a level 4 spell: Iskenderun's Mystic Blast
  2763 | D        | Killed a deep elf blademaster
  2875 | D        | Killed a deep elf high priest
  2875 | D        | Received a gift from Sif Muna
  2876 | D        | Got Sif Muna's Collected Works on the Underground Shift
                  | {god gift}
  2984 | D        | Identified the +1 helmet of Ezir {Dex+3}
  3222 | D        | Noticed a centaur warrior
  3228 | D        | Killed a centaur warrior
  3229 | D        | Reached skill level 5 in Shields
  3317 | D        | Received a gift from Sif Muna
  3324 | D        | Reached XP level 12. HP: 72/72 MP: 27/32
  3338 | D        | Learned a level 5 spell: Arcjolt
  3345 | D        | Reached skill level 17 in Spellcasting
  3374 | D        | Received a gift from Sif Muna
  3375 | D        | Got Sif Muna's Verses on the Injurious Atmosphere {god
                  | gift}
  3457 | D        | Reached ****** piety under Sif Muna
  3521 | D        | Noticed a dire elephant
  3521 | D        | Noticed a dire elephant
  3527 | D        | Received a gift from Sif Muna
  3530 | D        | Killed a dire elephant
  3531 | D        | Noticed Gastronok
  3534 | D        | Killed a dire elephant
  3535 | D        | Reached skill level 18 in Spellcasting
  3541 | D        | Killed Gastronok
  3542 | D        | Reached skill level 15 in Fire Magic
  3554 | D        | Got Sif Muna's Almanac of Collective Calefaction {god gift}
  3559 | D        | Learned a level 3 spell: Summon Guardian Golem
  3701 | D        | Noticed an azure jelly
  3701 | D        | Noticed an azure jelly
  3701 | D        | Noticed an azure jelly
  3703 | D        | Noticed an azure jelly
  3705 | D        | Noticed Rupert
  3707 | D        | Paralysed by Rupert for 2 turns
  3712 | D        | Killed Rupert
  3806 | D        | Noticed a death yak
  3807 | D        | Noticed a death yak
  3812 | D        | Killed a death yak
  3812 | D        | Killed a death yak
  3815 | D        | Noticed a death yak
  3817 | D        | Killed a death yak
  3817 | D        | Received a gift from Sif Muna
  3817 | D        | Noticed a death yak
  3818 | D        | Reached skill level 19 in Spellcasting
  3818 | D        | Reached skill level 10 in Invocations
  3820 | D        | Killed a death yak
  3822 | D        | Got Sif Muna's Book of Mortification and the Band {god
                  | gift}
  3830 | D        | Reached XP level 13. HP: 62/76 MP: 14/36
  3997 | D        | Received a gift from Sif Muna
  4206 | D        | Learned a level 8 spell: Ignition
  4211 | D        | Received a gift from Sif Muna
  4246 | D        | Received a gift from Sif Muna
  4397 | D        | Reached skill level 20 in Spellcasting
  4598 | D        | Received a gift from Sif Muna
  4599 | D        | Got Sif Muna's Spellbook of the Creeping Door {god gift}
  4604 | D        | Learned a level 3 spell: Mephitic Cloud
  4627 | D        | Noticed a nagaraja
  4632 | D        | Killed a nagaraja
  4690 | D        | Found Icule's Jewellery Boutique.
  4690 | D        | Found Mipseh's Antique Weapon Emporium.
  4694 | D        | Found Tugyom's Magic Scroll Shop.
  4702 | D        | Bought a ring of protection from cold for 275 gold pieces
  4704 | D        | Bought a pitted bardiche for 364 gold pieces
  4704 | D        | Identified the +10 bardiche "Ogural" {freeze, rElec rPois
                  | Will++ Str-5} (You bought it in a shop in the Dungeon)
  4711 | D        | Bought a scroll of blinking for 97 gold pieces
  4712 | D        | Noticed an azure jelly
  4712 | D        | Noticed an iron dragon
  4712 | D        | Noticed a Hell Sentinel
  4713 | D        | Noticed a Hell Sentinel
  4713 | D        | Noticed an iron golem
  4713 | D        | Noticed a Hell Sentinel
  4725 | D        | Got a serpentine rune of Zot
  4951 | D        | Received a gift from Sif Muna
  4952 | D        | Got Sif Muna's Grimoire of the Evil Serac {god gift}
  4953 | D        | Noticed Urug
  4957 | D        | Killed Urug
  5169 | D        | Received a gift from Sif Muna
  5233 | D        | Got Sif Muna's Writings on Spellbinding and Bodies {god
                  | gift}
  5247 | D        | Received a gift from Sif Muna
  5247 | D        | Received a gift from Sif Muna
  5247 | D        | Received a gift from Sif Muna
  5248 | D        | Got Elanoeri's Parchment of the Vehement Squall {god gift}
  5248 | D        | Got Sif Muna's Volume of Bright Execration {god gift}
  5248 | D        | Got Zeuh Por's Grimoire of the Summoned Geodesic {god gift}
  5269 | D        | Noticed Dowan
  5269 | D        | Noticed Duvessa
  5273 | D        | Killed Duvessa
  5273 | D        | Killed Dowan
  5273 | D        | Received a gift from Sif Muna
  5274 | D        | Reached skill level 21 in Spellcasting
  5377 | D        | Found Muyred's Book Emporium.
  5377 | D        | Found Onnele Mebro's Antique Weapon Shop.
  5377 | D        | Found Lejos's Magic Scroll Shoppe.
  5396 | D        | Bought a scroll of acquirement for 676 gold pieces
  5396 | D        | Bought a scroll of blinking for 97 gold pieces
  5396 | D        | Acquired 1181 gold pieces
  5479 | D        | Bought a +5 ring of evasion for 396 gold pieces
  5479 | D        | Bought a ring of resist corrosion for 220 gold pieces
  5479 | D        | Bought a ring of see invisible for 165 gold pieces
  5574 | D        | Killed an azure jelly
  5574 | D        | Killed an azure jelly
  5575 | D        | Reached skill level 15 in Conjurations
  5575 | D        | Reached XP level 14. HP: 83/83 MP: 39/39
  5575 | D        | Killed an azure jelly
  5575 | D        | Received a gift from Sif Muna
  5576 | D        | Killed an azure jelly
  5577 | D        | Got Sif Muna's Quarto of the Charred Gargoyle {god gift}
  5647 | D        | Noticed an azure jelly
  5653 | D        | Killed an azure jelly
  5655 | D        | Noticed the Royal Jelly
  5656 | D        | Noticed an acid blob
  5656 | D        | Noticed an azure jelly
  5657 | D        | Noticed a quicksilver ooze
  5657 | D        | Noticed a quicksilver ooze
  5657 | D        | Noticed an azure jelly
  5657 | D        | Noticed an azure jelly
  5657 | D        | Noticed a quicksilver ooze
  5658 | D        | Killed a quicksilver ooze
  5658 | D        | Killed an azure jelly
  5658 | D        | Killed an azure jelly
  5658 | D        | Killed a quicksilver ooze
  5658 | D        | Killed an azure jelly
  5658 | D        | Killed an acid blob
  5658 | D        | Killed a quicksilver ooze
  5658 | D        | Killed the Royal Jelly
  5658 | D        | Killed an azure jelly
  5658 | D        | Noticed an azure jelly
  5658 | D        | Noticed a quicksilver ooze
  5658 | D        | Noticed an acid blob
  5658 | D        | Noticed an azure jelly
  5658 | D        | Noticed a quicksilver ooze
  5658 | D        | Noticed a quicksilver ooze
  5658 | D        | Noticed a rockslime
  5658 | D        | Noticed a rockslime
  5658 | D        | Noticed a rockslime
  5659 | D        | Reached skill level 22 in Spellcasting
  5659 | D        | Reached skill level 1 in Summonings
  5659 | D        | Killed a quicksilver ooze
  5659 | D        | Killed a quicksilver ooze
  5659 | D        | Killed an azure jelly
  5659 | D        | Killed a quicksilver ooze
  5659 | D        | Killed an azure jelly
  5659 | D        | Killed an azure jelly
  5659 | D        | Killed an acid blob
  5926 | D        | Learned a level 7 spell: Orb of Destruction
  5955 | D        | Killed a rockslime
  6015 | D        | Killed a rockslime
  6207 | D        | Received a gift from Sif Muna
  6244 | D        | Noticed the 27-headed Lernaean hydra
  6249 | D        | Reached skill level 1 in Translocations
  6249 | D        | Killed the 27-headed Lernaean hydra
  6256 | D        | Got a decaying rune of Zot
  6363 | D        | HP: 3/83 [cloud of flame (6)]
  6834 | D        | Bought a Necronomicon for 756 gold pieces
  6854 | D        | Found a blossoming altar of Fedhas.
  6922 | D        | Killed a rockslime
  7037 | D        | Got a slimy rune of Zot
  7039 | D        | Identified the +0 robe of Experimentation {+Inv rF+ Int+3
                  | Stlth+}
  7177 | D        | Received a gift from Sif Muna
  7185 | D        | Got Sif Muna's Compendium of Obstruction {god gift}
  7440 | D        | Reached skill level 15 in Invocations
  7532 | D        | Received a gift from Sif Muna
  7533 | D        | Got Ximaovuuve's Tractate on Erosion and Phlogiston {god
                  | gift}
  7712 | D        | Found Rohegyu's Antique Weapon Emporium.
  7712 | D        | Found Sinwidig's Magic Scroll Shop.
  7712 | D        | Found Taritt's General Store.
  7712 | D        | Found Udynib's Jewellery Boutique.
  7712 | D        | Found Ywevy's Book Emporium.
  7712 | D        | Found Megumypn's Antique Armour Shoppe.
  7712 | D        | Found Aniujeir's Assorted Antiques.
  7712 | D        | Found Waerph's Weapon Shop.
  7712 | D        | Found Supsiar's Distillery.
  7712 | D        | Found Dyoplaum's Armour Emporium.
  7712 | D        | Found Qeix's Distillery.
  7756 | D        | Bought a scroll of fear for 40 gold pieces
  7788 | D        | Reached skill level 23 in Spellcasting
  7979 | D        | Received a gift from Sif Muna
  7980 | D        | Got Sif Muna's Reference Book on the Chilly Fair Folk {god
                  | gift}
  8030 | D        | Reached skill level 1 in Polearms
  8050 | D        | Reached XP level 15. HP: 70/88 MP: 9/42
  8247 | D        | Received a gift from Sif Muna
  8248 | D        | Got Sif Muna's Secrets of the Destructive Volcano {god
                  | gift}
  8499 | D        | Noticed Chuck
  8512 | D        | Killed Chuck
  8624 | D        | Identified the +3 long sword "Bopaty" {heavy, +Blink rElec
                  | Dex+3}
  8626 | D        | Identified the ring of Pride {+Blink MP+9}
  8637 | D        | Noticed Frederick
  8644 | D        | Killed Frederick
  8713 | D        | Noticed a lich
  8721 | D        | Killed a lich
  8722 | D        | Reached skill level 24 in Spellcasting
  8855 | D        | Noticed a shadow dragon
  8855 | D        | Noticed a shadow dragon
  8857 | D        | Received a gift from Sif Muna
  8858 | D        | Killed a shadow dragon
  8858 | D        | Killed a shadow dragon
  9107 | D        | Noticed a quicksilver dragon
  9107 | D        | Noticed a frost giant
  9107 | D        | Noticed a fire giant
  9107 | D        | Noticed a golden dragon
  9107 | D        | Noticed a titan
  9108 | D        | Received a gift from Sif Muna
  9108 | D        | Killed a quicksilver dragon
  9108 | D        | Killed a frost giant
  9108 | D        | Received a gift from Sif Muna
  9108 | D        | Killed a titan
  9109 | D        | Reached skill level 25 in Spellcasting
  9115 | D        | Killed a golden dragon
  9120 | D        | Killed a fire giant
  9120 | D        | Received a gift from Sif Muna
  9121 | D        | Noticed a quicksilver dragon
  9125 | D        | Killed a quicksilver dragon
  9333 | D        | Got Sif Muna's Handbook of Glowing Unhallowed Spells {god
                  | gift}
  9453 | D        | Received a gift from Sif Muna
  9454 | D        | Got Sif Muna's Teachings on Congelation and Erosion {god
                  | gift}
  9536 | D        | Got Lepnor's Anthology of the Shot {god gift}
  9546 | D        | Reached XP level 16. HP: 107/107 MP: 33/45
  9554 | D        | Acquired 1078 gold pieces
  9560 | D        | Identified the +1 robe of the Centipede {rC++ SInv}
  9580 | D        | Got a silver rune of Zot
  9677 | D        | Learned a level 9 spell: Fire Storm
  9835 | D        | Identified the +2 scimitar of the Furious {flame, rElec
                  | rPois Will+}
 10019 | D        | Received a gift from Sif Muna
 10020 | D        | Got Sif Muna's Mastery of Willworking {god gift}
 10117 | D        | Noticed a bone dragon
 10130 | D        | Killed a bone dragon
 10305 | D        | Received a gift from Sif Muna
 10308 | D        | Got Ygaust's Anthology of the Atmosphere and Dislocation
                  | {god gift}
 10314 | D        | Got Culiklio's Spellbook of Friendly Evolution
 10336 | D        | Reached skill level 26 in Spellcasting
 10536 | D        | Reached skill level 10 in Fighting
 10575 | D        | Received a gift from Sif Muna
 10726 | D        | Noticed a sphinx
 10726 | D        | Noticed a sphinx
 10729 | D        | Killed a sphinx
 10730 | D        | Killed a sphinx
 10873 | D        | Received a gift from Sif Muna
 10876 | D        | Got Sif Muna's Compendium of the Gathered Fair Folk {god
                  | gift}
 11460 | D        | Received a gift from Sif Muna
 11587 | D        | Noticed a royal mummy
 11587 | D        | Noticed a royal mummy
 11588 | D        | Received a gift from Sif Muna
 11588 | D        | Received a gift from Sif Muna
 11588 | D        | Killed by a guardian mummy's death curse

Illustrated notes

Levels and vault maps discovered:
D:        dungeon_sprint_mu [sprint_mu_entry_forest, sprint_mu_temple_rooms,
          sprint_mu_d1_horrors, sprint_mu_d2_genie, sprint_mu_d3_branching,
          sprint_mu_orc_legion, sprint_mu_elf_gauntlet, sprint_mu_hive_nellie,
          sprint_mu_lair_fedhas, sprint_mu_vaults_butterflies,
          sprint_mu_slime_circle, sprint_mu_swamp_cave, sprint_mu_snake_twists,
          sprint_mu_blade_basic, sprint_mu_crypt_chambers,
          sprint_mu_tomb_spiral, sprint_mu_vestibule_basic,
          sprint_mu_gehenna_hellfire, sprint_mu_dis_giant,
          sprint_mu_tartarus_statrot, sprint_mu_cocytus_islands, sprint_mu_zot1]

Skill      XL: |  1  2  3  4  5  6  7  8  9 10 11 12 13 14 15 16 |
---------------+-------------------------------------------------+-----
Stealth        | 3 4 6 7 |  7.4
Spellcasting   | 3 4 5 9 10 11 13 15 16 19 21 23 25 26 | 26.5
Fire Magic     | 4 6 9 10 11 12 13 14 15 18 20 22 23 | 23.8
Dodging        | 3 4 5 6 |  6.6
Conjurations   | 2 3 6 8 9 10 12 13 15 17 19 20 | 20.2
Fighting       | 1 2 3 8 11 | 11.0
Long Blades    | 1 |  1.9
Hexes          | 2 3 4 |  4.8
Invocations    | 3 6 8 10 12 15 | 15.2
Air Magic      | 1 4 7 |  7.0
Shields        | 2 5 8 9 12 13 | 13.6
Summonings     | 1 |  1.6
Translocations | 2 3 |  3.1
Polearms       | 1 |  1.2
Unarmed Combat | |  0.2
Ice Magic      | |  0.8
Poison Magic   | |  0.9
Evocations     | |  0.2

Action                     |  1- 3 |  4- 6 |  7- 9 | 10-12 | 13-15 | 16-18 || total
---------------------------+-------+-------+-------+-------+-------+-------++-------
  Melee: Unarmed           |    12 |       |       |       |       |       ||    12
         Constrict         |     2 |       |     1 |     1 |     1 |       ||     5
         Long sword        |       |       |     4 |       |       |       ||     4
         Tentacles         |       |       |     2 |     1 |       |     2 ||     5
         Staff             |       |       |       |     2 |     1 |       ||     3
         Bardiche          |       |       |       |       |     4 |     7 ||    11
         Punch             |       |       |       |       |       |     1 ||     1
   Cast: Foxfire           |     8 |     1 |    49 |    31 |    36 |       ||   125
         Scorch            |       |     6 |    13 |    35 |    35 |       ||    89
         Flame Wave        |       |     2 |     4 |     3 |    17 |       ||    26
         Inner Flame       |       |       |     9 |     1 |       |       ||    10
         Searing Ray       |       |       |     2 |     7 |       |       ||     9
         Fulminant Prism   |       |       |     1 |    13 |       |       ||    14
         Starburst         |       |       |     1 |    26 |     6 |    23 ||    56
         Fireball          |       |       |       |    19 |     8 |       ||    27
         Plasma Beam       |       |       |       |     8 |    70 |    16 ||    94
         Iskenderun's Myst |       |       |       |     1 |     9 |    12 ||    22
         Hailstorm         |       |       |       |     1 |     2 |       ||     3
         Mephitic Cloud    |       |       |       |       |     5 |       ||     5
         Ignition          |       |       |       |       |    22 |     4 ||    26
         Summon Guardian G |       |       |       |       |     4 |       ||     4
         Orb of Destructio |       |       |       |       |    39 |    13 ||    52
 Invoke: Channel Magic     |       |       |       |       |     1 |       ||     1
         Forget Spell      |       |       |       |       |     1 |       ||     1
  Evoke: Wand              |       |       |       |       |     1 |       ||     1
    Use: Potion            |     1 |     2 |     1 |     2 |     6 |       ||    12
         Scroll            |       |       |     4 |     1 |     9 |     1 ||    15
   Stab: Sleeping          |       |       |     1 |       |       |       ||     1
 Armour: Skin              |     4 |     7 |    11 |     9 |    83 |     6 ||   120
  Dodge: Dodged            |     6 |     3 |     9 |    10 |    30 |     7 ||    65
  Block: Buckler           |       |       |       |     2 |     3 |       ||     5

Table legend: (Time is in decaauts) A = Elapsed time spent in this place. B = Non-inter-level travel time spent in this place. C = Inter-level travel time spent in this place. D = Time resting spent in this place. E = Time spent auto-exploring this place. F = Levels seen in this place. G = Mean time per level. A B C D E F G +--------+--------+--------+--------+--------+-----+--------+ Total | 11577 | 11498 | 79 | 7591 | 101 | 1 | 11577.0 | Dungeon | 11577 | 11498 | 79 | 7591 | 101 | 1 | 11577.0 | +--------+--------+--------+--------+--------+-----+--------+

Top non-repeatable levels by time:
       D: 11577 daAuts
